 Dungeon Crawl Stone Soup version 0.19.0-11-g3fc08b3 (webtiles) character file.

14713 uglyjohn the Carver (level 11, -4/99 HPs)
             Began as a Minotaur Hunter on Nov 9, 2016.
             Was a High Priest of Okawaru.
             Slain by a black mamba (12 damage)
             ... on level 2 of the Lair of Beasts.
             The game lasted 00:32:13 (16555 turns).

uglyjohn the Carver (Minotaur Hunter)              Turns: 16555, Time: 00:32:14

Health: -4/99      AC: 18    Str: 20    XL:     11   Next: 92%
Magic:  15/15      EV:  8    Int: 12    God:    Okawaru [*****.]
Gold:   1190       SH:  0    Dex: 11    Spells: 0 memorised, 10 levels left

rFire  . . .     SeeInvis .     B - +1 scimitar (flame)
rCold  . . .     Gourm    .     l - +0 chain mail
rNeg   . . .     Faith    .     (no shield)
rPois  .         Spirit   .     (helmet restricted)
rElec  .         Reflect  .     g - +0 cloak
rCorr  .         Harm     .     U - +1 pair of gloves
MR     .....                    t - +2 pair of boots {Stlth+}
Stlth  ..........               (no amulet)
                                q - +4 ring of intelligence
                                o - ring of stealth

@: lethally poisoned (-4 -> -43), about to teleport
A: retaliatory headbutt, horns 2
a: Heroism, Finesse, Renounce Religion


You were on level 2 of the Lair of Beasts.
You worshipped Okawaru.
Okawaru was extremely pleased with you.
You were hungry.

You visited 4 branches of the dungeon, and saw 15 of its levels.
You also visited: Sewer and Ossuary.

You collected 1214 gold pieces.
You spent 24 gold pieces at shops.

Inventory:

Hand Weapons
 a - a +2 hand crossbow
 v - a +0 long sword of holy wrath
 B - a +1 scimitar of flaming (weapon)
Missiles
 d - 147 bolts
Armour
 g - a +0 cloak (worn)
 l - a +0 chain mail (worn)
 t - a +2 pair of boots of stealth (worn)
 U - a +1 pair of gloves (worn)
Jewellery
 o - a ring of stealth (left hand)
 q - a +4 ring of intelligence (right hand)
Wands
 u - a wand of lightning (11/15)
 y - a wand of hasting (3/9)
 G - a wand of hasting (4/9)
 H - a wand of lightning (9/15)
 W - a wand of flame (10/48)
Scrolls
 e - a scroll of random uselessness {unknown}
 h - 8 scrolls of remove curse
 j - a scroll of summoning {unknown}
 z - 3 scrolls of blinking {unknown}
 A - 3 scrolls of magic mapping {unknown}
 D - 3 scrolls of enchant armour {unknown}
 K - 2 scrolls of teleportation
 M - a scroll of acquirement {unknown}
 S - 2 scrolls of identify
 T - a scroll of recharging
Potions
 m - 5 potions of haste
 n - 2 potions of curing
 r - 4 potions of might
 w - 2 potions of flight
 C - 3 potions of berserk rage
 F - 2 potions of resistance
 I - 2 potions of mutation
 J - a potion of cure mutation {unknown}
 P - 3 potions of heal wounds
Books
 s - a book of Enchantments

   Spells                             Type                      Level
   a - Cause Fear                     Hexes                        4
   b - Yara's Violent Unravelling     Hexes/Transmutation          5
   c - Silence                        Hexes/Air                    5
   d - Deflect Missiles               Charms/Air                   6
   e - Discord                        Hexes                        8
Comestibles
 c - 10 royal jellies
 f - 7 bread rations
 i - 3 meat rations
 k - 4 beef jerkies
 O - 9 fruits


   Skills:
 + Level 10.1 Fighting
 - Level 14.0 Long Blades
 - Level 9.4 Crossbows
 + Level 8.9 Armour
 - Level 2.1 Dodging
 - Level 0.7 Stealth
 - Level 7.0 Invocations


You had 10 spell levels left.
You didn't know any spells.

Dungeon Overview and Level Annotations

Branches:
Dungeon (11/15)            Temple (1/1) D:5            Lair (2/6) D:10
  Snake (0/4) Lair:2          Orc (1/2) D:10
  Swamp: Lair:2-4    Shoals: Lair:2-4

Altars:
Ashenzari
Cheibriados
Dithmenos
Elyvilon
Fedhas
Gozag
Hepliaklqana
Kikubaaqudgha
Makhleb
Nemelex Xobeh
Okawaru
Qazlal
Ru
Sif Muna
Trog
Uskayaw
Vehumet
Xom
Yredelemnul
Zin
The Shining One
Beogh

Shops:
D:5 %   D:7 *   D:8 :

Annotations:
D:11 thromnambular's ghost, journeyman DsFE


Innate Abilities, Weirdness & Mutations

You reflexively headbutt those who attack you in melee.
You have a pair of horns on your head.


Message History

The black mamba poisons you! The black mamba bites you.
You miss the black mamba.
The black mamba is lightly wounded.
You feel sick.
The blink frog blinks!
The black mamba bites you!
You are lethally poisoned!
The black mamba poisons you!
* * * LOW HITPOINT WARNING * * *
You feel very sick.
The blink frog hits you but does no damage.
The blink frog blinks!
The blink frog hits you.
* * * LOW HITPOINT WARNING * * *
The black mamba bites you!
* * * LOW HITPOINT WARNING * * *
As you read the scroll of teleportation, it crumbles to dust.
You feel strangely unstable.
* * * LOW HITPOINT WARNING * * *
You feel very sick.
The water moccasin bites you but does no damage.
The black mamba bites you!
You die...

..###.>.........#≈≈♣♣.♣♣≈≈#
....##..........#♣≈♣...♣PP#
#.....#...........)..>......
...#..#...(.....#PP♣)..♣≈P#.
...#..#.........#≈≈♣♣.♣♣≈≈#
..... +.........#♣♣≈♣.≈. P#
... #.........## ≈..P♣P # .
. #.......$..####.#### .#
#.........F@........ ...
#.........SFS§....P.
...................#..... #
.... ...#........# .... #
.... ............. ...
#..... ......#..... ..
#..... ............. P
...... .............. #.....
..............


You could see a black mamba, 2 blink frogs and a water moccasin.

Vanquished Creatures
  Erica (D:11)
  A hill giant (D:10)
  2 orc sorcerers (Orc:1)
  A deep elf mage (D:10)
  A spiny frog (Lair:2)
  A troll (D:10)
  A meliai zombie (D:10)
  A hippogriff (Lair:1)
  2 wraiths (Ossuary)
  A wyvern (D:10)
  2 basilisks (Lair:2)
  14 yaks
  A hungry ghost (D:10)
  Menkaure (D:4)
  2 wargs (Orc:1)
  2 nagas (Lair:2)
  2 porcupines (Lair:1)
  5 water moccasins
  An ice beast (D:10)
  A black bear (D:9)
  6 orc warriors
  A sky beast (D:9)
  11 ogres
  2 phantoms
  3 centaurs
  5 wolves
  5 crocodiles
  5 big kobolds
  14 bullfrogs
  A wyvern skeleton (D:5)
  5 scorpions
  2 wights (Ossuary)
  11 killer bees
  2 electric eels (D:10)
  2 howler monkeys
  3 quasits
  8 hounds
  8 orc priests
  A centaur skeleton (D:10)
  19 orc wizards
  7 jellies
  A bullfrog skeleton (D:5)
  5 iguanas
  6 worker ants
  A hound zombie (D:10)
  A hound skeleton (D:10)
  A mummy (D:5)
  A worker ant zombie (D:11)
  9 adders
  4 gnolls (D:2)
  4 river rats
  5 oozes (D:10)
  2 adder zombies (Ossuary)
  An adder skeleton (D:7)
  3 worms
  7 leopard geckos
  71 orcs
  6 giant cockroaches
  2 gnoll zombies (D:7)
  8 goblins
  10 hobgoblins
  8 jackals
  6 quokkas
  2 ball pythons (Sewer)
  2 ball python skeletons (Ossuary)
  9 bats
  14 frilled lizards
  A hobgoblin zombie (Ossuary)
  28 kobolds
  2 kobold zombies (Ossuary)
  An orc skeleton (Ossuary)
  An orc zombie (Ossuary)
  19 rats
405 creatures vanquished.

Vanquished Creatures (others)
  3 fungi (Lair:1)
3 creatures vanquished.

Grand Total: 408 creatures vanquished

Notes
Turn   | Place    | Note
-------+----------+-------------------------------------------
     0 | D:1      | uglyjohn the Minotaur Hunter began the quest for the Orb.
     0 | D:1      | Reached XP level 1. HP: 18/18 MP: 0/0
    24 | D:1      | Reached skill level 1 in Armour
    86 | D:1      | Reached XP level 2. HP: 14/25 MP: 1/1
   469 | D:1      | Reached skill level 5 in Crossbows
   658 | D:1      | Reached XP level 3. HP: 30/30 MP: 2/2
   929 | D:2      | Reached XP level 4. HP: 16/37 MP: 3/3
  1663 | D:3      | Found a faded altar of an unknown god.
  1724 | D:3      | Reached XP level 5. HP: 9/42 MP: 4/4
  2481 | D:3      | Reached XP level 6. HP: 25/51 MP: 5/5
  2639 | D:4      | Found a glowing drain.
  2668 | Sewer    | Entered a sewer
  3249 | D:4      | Noticed Menkaure
  3256 | D:4      | Killed Menkaure
  3256 | D:4      | Reached skill level 5 in Fighting
  3256 | D:4      | Reached XP level 7. HP: 52/61 MP: 6/6
  4518 | D:5      | Entered Level 5 of the Dungeon
  4665 | D:5      | Found a staircase to the Ecumenical Temple.
  4676 | D:5      | Found Resoxab's Food Boutique.
  4687 | D:5      | Reached skill level 1 in Long Blades
  4693 | Temple   | Entered the Ecumenical Temple
  4700 | Temple   | Reached skill level 2 in Long Blades
  4796 | Temple   | Became a worshipper of Warmaster Okawaru
  4878 | D:5      | Found a sand-covered staircase.
  4885 | Ossuary  | Entered an ossuary
  4975 | Ossuary  | Noticed a flying skull
  4975 | Ossuary  | Noticed a wraith
  4982 | Ossuary  | Noticed a flying skull
  5007 | Ossuary  | Noticed a flying skull
  5016 | Ossuary  | Reached skill level 3 in Long Blades
  5016 | Ossuary  | Reached XP level 8. HP: 62/71 MP: 7/7
  5027 | Ossuary  | Noticed a flying skull
  5049 | Ossuary  | Reached skill level 4 in Long Blades
  5280 | Ossuary  | Reached skill level 5 in Long Blades
  5299 | Ossuary  | Reached skill level 6 in Long Blades
  5778 | D:5      | Found a deep blue altar of Sif Muna.
  5901 | D:6      | Reached * piety under Okawaru
  5901 | D:6      | Reached skill level 7 in Long Blades
  5942 | D:6      | Found a shimmering altar of Xom.
  6389 | D:6      | Found a shattered altar of Ashenzari.
  6673 | D:6      | Reached skill level 8 in Long Blades
  6772 | D:7      | Reached skill level 1 in Invocations
  6781 | D:7      | Found Japageof's General Store.
  6794 | D:7      | Bought a scroll of identify for 24 gold pieces
  6853 | D:7      | Found a sacrificial altar of Ru.
  6967 | D:7      | Reached XP level 9. HP: 70/77 MP: 10/10
  7006 | D:7      | Found a basalt altar of Yredelemnul.
  7282 | D:8      | Reached skill level 9 in Long Blades
  7299 | D:8      | Reached ** piety under Okawaru
  7337 | D:8      | Found a glowing golden altar of the Shining One.
  7337 | D:8      | Found a faded altar of an unknown god.
  7343 | D:8      | Found a faded altar of an unknown god.
  7345 | D:8      | Found a faded altar of an unknown god.
  7347 | D:8      | Found a faded altar of an unknown god.
  7469 | D:8      | Reached skill level 10 in Long Blades
  7876 | D:8      | Found Eddusum's Book Shoppe.
  7925 | D:8      | Noticed an eight-headed hydra
  8132 | D:8      | Reached skill level 11 in Long Blades
  8644 | D:9      | Reached *** piety under Okawaru
  8660 | D:9      | Reached skill level 12 in Long Blades
  9173 | D:9      | Reached XP level 10. HP: 84/84 MP: 11/11
  9902 | D:10     | Entered Level 10 of the Dungeon
  9903 | D:10     | Found a staircase to the Lair.
  9991 | D:9      | Reached skill level 13 in Long Blades
 10591 | D:10     | Reached **** piety under Okawaru
 10738 | D:10     | Reached skill level 14 in Long Blades
 10943 | D:10     | Found a glowing golden altar of the Shining One.
 11070 | D:10     | Noticed a hill giant
 11086 | D:10     | Killed a hill giant
 11086 | D:10     | Reached skill level 5 in Armour
 11369 | D:10     | Found a staircase to the Orcish Mines.
 11377 | D:10     | Noticed a deep elf mage
 11383 | D:10     | Noticed a deep elf mage
 11394 | D:10     | Killed a deep elf mage
 11394 | D:10     | Received a gift from Okawaru
 11402 | D:10     | Identified Laong's Catalogue of Sand
 11425 | D:10     | Found a roughly hewn altar of Beogh.
 11767 | D:10     | Noticed a deep elf mage
 11772 | D:10     | Identified the Almanac of Combed Thunderclap
 11779 | D:10     | Identified Ts'ui Pên's Papyrus of Forking Paths
 12133 | Lair:1   | Entered Level 1 of the Lair of Beasts
 12147 | Lair:1   | Received a gift from Okawaru
 12181 | Lair:1   | Reached XP level 11. HP: 75/94 MP: 12/12
 12199 | Lair:1   | Reached ***** piety under Okawaru
 12850 | Lair:1   | Noticed a seven-headed hydra
 13446 | Orc:1    | Entered Level 1 of the Orcish Mines
 13469 | Orc:1    | Received a gift from Okawaru
 13480 | Orc:1    | Reached skill level 5 in Invocations
 14373 | Orc:1    | Noticed an orc sorcerer
 14377 | Orc:1    | Paralysed by an orc sorcerer for 4 turns
 14384 | Orc:1    | Received a gift from Okawaru
 14395 | Orc:1    | Killed an orc sorcerer
 14674 | Orc:1    | Noticed an orc sorcerer
 14691 | Orc:1    | Noticed a sixfirhy
 14691 | Orc:1    | Killed an orc sorcerer
 15147 | D:11     | Noticed thromnambular's ghost (journeyman DsFE)
 15467 | D:11     | Noticed Erica
 15481 | D:11     | Killed Erica
 16216 | Lair:2   | Reached skill level 10 in Fighting
 16517 | Lair:2   | Found a staircase to the Snake Pit.
 16555 | Lair:2   | Slain by a black mamba

Skill      XL: |  1  2  3  4  5  6  7  8  9 10 11 |
---------------+----------------------------------+-----
Armour         | 1 2 4 6 8 |  8.9
Crossbows      | 5 6 7 8 9 |  9.4
Fighting       | 3 5 6 8 10 | 10.1
Long Blades    | 3 8 12 14 | 14.0
Invocations    | 3 7 |  7.0
Dodging        | |  2.1
Stealth        | |  0.7

Action                   |  1- 3 |  4- 6 |  7- 9 | 10-12 || total
-------------------------+-------+-------+-------+-------++-------
Melee: Short sword       |   102 |    43 |    10 |       ||   155
       Headbutt          |     9 |    32 |    78 |   103 ||   222
       Spear             |       |    46 |       |       ||    46
       Dagger            |       |   129 |    72 |       ||   201
       Long sword        |       |       |    54 |       ||    54
       Scimitar          |       |       |   257 |   521 ||   778
 Fire: Hand crossbow     |     1 |    32 |     9 |    11 ||    53
Invok: Heroism           |       |       |       |     2 ||     2
       Finesse           |       |       |       |     1 ||     1
  Use: Scroll            |       |     9 |    11 |     7 ||    27
       Potion            |       |     1 |     2 |     4 ||     7
  Eat: Chunk             |       |     8 |    13 |    23 ||    44
       Pizza             |       |       |     3 |     1 ||     4
       Beef jerky        |       |       |     1 |       ||     1
Armor: Leather armour    |    16 |       |       |       ||    16
       Chain mail        |    29 |   192 |   278 |   259 ||   758
Dodge: Dodged            |    67 |   108 |   163 |   179 ||   517
       Rpst.: Long sword |       |       |     5 |       ||     5
       Scimitar          |       |       |    26 |    42 ||    68
